[Event "fics rated crazyhouse match"]
[Site "fics, Oklahoma City, OK USA"]
[Date "2000.12.27"]
[White "tantheman"]
[WhiteElo "2379"]
[Black "BarryWhite"]
[BlackElo "2341"]
[TimeControl "120+0"]
[Result "1-0"]

1. e3 e6 2. b3 d5 3. Bb2 Nc6 4. Nf3 f6 5. d4 Nh6 6. Be2 
Nf7 7. O-O Bd6 8. c4 O-O 9. c5 Bd7 10. Nbd2 e5 11. cxd6 cxd6 
12. dxe5 Nfxe5 13. e4 dxe4 14. Nxe4 P@e7 15. B@d5+ P@e6 16. Bxc6 bxc6 17. Nxe5 
dxe5 18. P@g5 P@d5 19. gxf6 exf6 20. P@d6 dxe4 21. P@e7 Qe8 22. exf8=Q+ Qxf8 
23. N@e7+ Kf7 24. Bxe5 P@f3 25. Bxf3 exf3 26. Qxf3 N@g5 27. Qe3 P@h3 28. P@h5 
hxg2 29. P@g6+ hxg6 30. hxg6+ Ke8 31. P@f7+ Nxf7 32. gxf7+ Qxf7 33. N@c7+ Kd8 
34. N@b7# 
{BarryWhite checkmated} 1-0

[Event "fics rated crazyhouse match"]
[Site "fics, Oklahoma City, OK USA"]
[Date "2000.12.27"]
[White "BarryWhite"]
[WhiteElo "2334"]
[Black "tantheman"]
[BlackElo "2386"]
[TimeControl "120+0"]
[Result "1-0"]

1. e4 e6 2. Nc3 b6 3. Nf3 Bb7 4. d4 Nf6 5. Bd3 Bb4 6. Bg5 
Nxe4 7. Bxd8 Nxc3 8. bxc3 Bxc3+ 9. Kf1 Kxd8 10. N@e5 B@h5 11. Q@g5+ N@f6 
12. Qxg7 Re8 13. Qxf6+ P@e7 14. Nxf7+ Bxf7 15. Qxf7 Bxf3 16. Qfxf3 N@d2+ 17. Qxd2 
Bxd2 18. N@f7+ Kc8 19. B@b7# 
{tantheman checkmated} 1-0

[Event "fics rated crazyhouse match"]
[Site "fics, Oklahoma City, OK USA"]
[Date "2000.12.27"]
[White "tantheman"]
[WhiteElo "2377"]
[Black "BarryWhite"]
[BlackElo "2343"]
[TimeControl "120+0"]
[Result "0-1"]

1. e4 e6 2. Nc3 d5 3. exd5 exd5 4. Bb5+ c6 5. Qe2+ Be7 6. d4 
Nf6 7. Bf4 P@c7 8. Nf3 cxb5 9. Nxb5 B@a5+ 10. P@c3 Be6 11. Ng5 Qd7 
12. Nxe6 fxe6 13. P@b4 Bb6 14. B@c5 N@d6 15. Bfxd6 Bxd6 16. N@e5 Bxe5 17. dxe5 
Bxc5 18. exf6 gxf6 19. bxc5 B@c4 20. N@d6+ cxd6 21. Nxd6+ Kd8 22. P@d3 N@f4 
23. B@a5+ Ke7 24. Qf3 B@h6 25. B@d8+ Rxd8 26. Bxd8+ Kxd8 27. dxc4 N@h4 28. Qxf4 
Nxg2+ 29. Kf1 Nxf4 30. Kg1 Q@g2# 
{tantheman checkmated} 0-1

[Event "fics rated crazyhouse match"]
[Site "fics, Oklahoma City, OK USA"]
[Date "2000.12.27"]
[White "BarryWhite"]
[WhiteElo "2352"]
[Black "venomous"]
[BlackElo "2472"]
[TimeControl "120+0"]
[Result "0-1"]

1. e4 e6 2. d4 Nc6 3. Nf3 Nf6 4. Bd3 d6 5. Be3 Be7 6. O-O 
O-O 7. Nc3 Ng4 8. Qe2 e5 9. d5 Nb4 10. Rae1 Nxd3 11. cxd3 B@a6 
12. N@f5 Bxf5 13. exf5 c6 14. dxc6 bxc6 15. P@e6 fxe6 16. fxe6 P@f4 17. B@h5 
N@f6 18. Bxg4 Nxg4 19. N@f7 Qe8 20. P@d7 Qb8 21. N3xe5 Nxe5 22. Bxf4 B@f6 
23. Bxe5 dxe5 24. Qg4 P@g6 25. P@g5 Bxg5 26. Nxg5 Bxg5 27. B@f7+ Kh8 28. Ne4 
B@h6 29. h4 Bf4 30. P@f6 P@f5 31. fxg7+ Bxg7 32. Qh3 P@g4 33. Qh1 Bxd3 
34. N@g3 Bxg3 35. fxg3 Bxe4 36. Rxe4 N@d2 37. Kh2 Nxe4 38. B@g5 P@e2 39. P@h6 
exf1=N+ 40. Qxf1 R@g8 41. Bxg8 Rxg8 42. P@f7 B@f6 43. fxg8=Q+ Qxg8 44. hxg7+ Qxg7 
45. B@f7 Nxg5 46. B@h6 Qxh6 47. e7 R@g8 48. R@f8 N@f3+ 49. gxf3 Nxf3+ 50. Qxf3 
B@g1+ 51. Kxg1 B@e3+ 52. Kf1 N@d2+ 53. Ke1 Nxf3# 
{BarryWhite forfeits on time} 0-1

[Event "fics rated crazyhouse match"]
[Site "fics, Oklahoma City, OK USA"]
[Date "2000.12.27"]
[White "venomous"]
[WhiteElo "2478"]
[Black "DesX"]
[BlackElo "2102"]
[TimeControl "180+0"]
[Result "1-0"]

1. e4 d5 2. exd5 e6 3. dxe6 Bxe6 4. d4 Nc6 5. Bb5 Nf6 6. P@a6 
Rb8 7. axb7 P@d7 8. P@a6 Be7 9. Nf3 h6 10. Bxc6 dxc6 11. N@e5 B@d5 
12. Nc3 O-O 13. P@c4 Bxf3 14. Nxf3 Ng4 15. Be3 Nxe3 16. fxe3 B@h5 17. O-O 
Beg4 18. N@e5 Bxf3 19. Rxf3 Bxf3 20. Qxf3 N@g5 21. Qg3 N@f5 22. Qf2 Nxe3 
23. Qxe3 c5 24. N@d7 cxd4 25. Qxd4 c5 26. Qf2 P@d4 27. Nd5 P@e3 28. Qf5 
R@f2 29. Qd3 Rd2 30. Qf1 Ne4 31. P@h7+ Kxh7 32. B@f5+ P@g6 33. Bxe4 Bd6 
34. Nxf8+ Bxf8 35. Nxf7 Qh4 36. R@h8# 
{DesX checkmated} 1-0

[Event "fics rated crazyhouse match"]
[Site "fics, Oklahoma City, OK USA"]
[Date "2000.12.27"]
[White "venomous"]
[WhiteElo "2480"]
[Black "JiggaB"]
[BlackElo "2228"]
[TimeControl "60+0"]
[Result "1-0"]

1. e4 e6 2. d4 Nc6 3. Be3 Nf6 4. Bd3 Bb4+ 5. c3 Be7 6. Nd2 
d5 7. e5 Nd7 8. Nh3 Nb6 9. O-O Bd7 10. Qg4 g6 11. Bh6 Qc8 
12. Rae1 Na4 13. Rb1 Nb6 14. f4 Rg8 15. Qe2 a5 16. Rbe1 Qb8 17. Nf3 
Qa7 18. Nfg5 Bxg5 19. Nxg5 O-O-O 20. Nxf7 Rde8 21. Ng5 Rd8 22. P@f7 Rh8 
23. Bxg6 hxg6 24. P@g7 Rxh6 25. f8=Q B@g3 26. B@h3 Bxh2+ 27. Kxh2 B@c4 28. B@d3 
Bxd3 29. Qxd3 N@g4+ 30. Kh1 B@e4 31. Rxe4 dxe4 32. Qg3 R@h2+ 33. Qxh2 Nxh2 
34. g8=Q Ng4 35. Qxd8+ Nxd8 36. Qxd8+ Kxd8 37. N@f7+ Ke7 38. B@f6+ Kf8 39. R@d8+ 
Be8 40. B@g7+ Kg8 41. Rxe8+ Q@f8 42. Rxf8# 
{JiggaB checkmated} 1-0

[Event "fics rated crazyhouse match"]
[Site "fics, Oklahoma City, OK USA"]
[Date "2000.12.27"]
[White "JiggaB"]
[WhiteElo "2225"]
[Black "venomous"]
[BlackElo "2483"]
[TimeControl "60+0"]
[Result "0-1"]

1. e4 e6 2. Nc3 Nc6 3. d4 Nf6 4. Be3 Bb4 5. Bd3 d5 6. e5 
Ne4 7. Bxe4 dxe4 8. Nh3 Bxc3+ 9. bxc3 B@b2 10. O-O Bxc3 11. f3 Bxd4 
12. Bxd4 Nxd4 13. B@a4+ B@c6 14. Bxc6+ bxc6 15. B@e3 B@c5 16. B@f2 N@b5 17. N@h5 
Rg8 18. a4 P@e2 19. Qc1 exf1=Q+ 20. Qxf1 P@e2 21. Qe1 R@f1+ 22. Qxf1 exf1=Q+ 
23. Rxf1 exf3 24. P@f6 Ne2# 
{JiggaB resigns} 0-1

[Event "fics rated crazyhouse match"]
[Site "fics, Oklahoma City, OK USA"]
[Date "2000.12.27"]
[White "GusMcClain"]
[WhiteElo "2235"]
[Black "venomous"]
[BlackElo "2489"]
[TimeControl "60+0"]
[Result "1-0"]

1. e4 e6 2. d4 Nc6 3. Nc3 Nf6 4. Nf3 Bb4 5. Bd3 d5 6. e5 
Ne4 7. O-O Bxc3 8. bxc3 Nxc3 9. Qd2 N@e4 10. Bxe4 Nxe4 11. Qf4 P@g5 
12. Nxg5 Qxg5 13. Qxg5 Nxg5 14. Bxg5 B@e7 15. Bxe7 Nxe7 16. N@h5 Q@g6 17. Ng3 
Nf5 18. B@h5 Nxg3 19. fxg3 Qxh5 20. P@f6 B@e3+ 21. B@f2 Bxf2+ 22. Rxf2 B@f8 
23. fxg7 Bxg7 24. N@f6+ Bxf6 25. exf6 B@d6 26. N@g7+ Kd7 27. Nxh5 P@e3 28. B@a4+ 
c6 29. Rf3 N@c4 30. B@d3 Nd2 31. Rxe3 N@b6 32. P@c5 Nxa4 33. cxd6 B@d8 
34. P@c7 Bxc7 35. Q@e7# 
{venomous checkmated} 1-0

[Event "fics rated crazyhouse match"]
[Site "fics, Oklahoma City, OK USA"]
[Date "2000.12.27"]
[White "venomous"]
[WhiteElo "2476"]
[Black "nasnad"]
[BlackElo "2425"]
[TimeControl "60+0"]
[Result "0-1"]

1. e4 Nf6 2. Nc3 d5 3. exd5 Nxd5 4. Bc4 e6 5. Nh3 Nxc3 6. bxc3 
P@d5 7. Bb5+ c6 8. Be2 Be7 9. d4 e5 10. dxe5 Bxh3 11. gxh3 N@g2+ 
12. Kf1 Nh4 13. B@f3 Nd7 14. P@g2 Nxe5 15. Bf4 Neg6 16. P@g3 P@e4 17. N@c7+ 
Kf8 18. Nxa8 Nxf4 19. gxf4 Qxa8 20. Bxe4 dxe4 21. P@h6 B@f6 22. hxg7+ Bxg7 
23. N@d7+ Kg8 24. R@b8+ Qxb8 25. Nxb8 P@f3 26. Bxf3 exf3 27. gxf3 B@g2+ 28. Ke1 
Nxf3+ 29. Qxf3 Bxf3 30. Q@e8+ B@f8 31. Qxf7+ Kxf7 32. P@e6+ Kxe6 33. f5+ Kxf5 
34. N@e3+ Kf6 35. Nd7+ Ke6 36. P@e2 Bxe2 37. Kxe2 N@f4+ 38. Kd2 R@e2+ 39. Kc1 
Q@a3# 
{venomous resigns} 0-1

[Event "fics rated crazyhouse match"]
[Site "fics, Oklahoma City, OK USA"]
[Date "2000.12.27"]
[White "nasnad"]
[WhiteElo "2438"]
[Black "venomous"]
[BlackElo "2467"]
[TimeControl "60+0"]
[Result "1-0"]

1. e4 e6 2. Nc3 Nc6 3. d4 Nf6 4. e5 Nd5 5. Nxd5 exd5 6. Nf3 
d6 7. Bb5 Bd7 8. Qe2 dxe5 9. Bxc6 bxc6 10. Nxe5 P@e6 11. Nxd7 Qxd7 
12. N@e5 Qd6 13. P@d7+ Ke7 14. N@c8# 
{venomous resigns} 1-0

[Event "fics rated crazyhouse match"]
[Site "fics, Oklahoma City, OK USA"]
[Date "2000.12.27"]
[White "venomous"]
[WhiteElo "2458"]
[Black "nasnad"]
[BlackElo "2450"]
[TimeControl "60+0"]
[Result "0-1"]

1. e4 Nf6 2. Nc3 d5 3. exd5 Nxd5 4. Nxd5 Qxd5 5. Nf3 Qd8 6. d4 
e6 7. Bd3 Nc6 8. O-O P@f5 9. Re1 Be7 10. N@h5 Rg8 11. P@b5 Nb4 
12. Bc4 N@d5 13. a3 Nxc2 14. Qxc2 P@e4 15. Ne5 Bf6 16. Bxd5 exd5 17. N@f4 
B@e7 18. Nxf7 Kxf7 19. P@e6+ Bxe6 20. Nxe6 Kxe6 21. N@f4+ Kf7 22. B@e6+ Kf8 
23. Bxd5 P@f7 24. Bxb7 Bxd4 25. Bxa8 N@g4 26. P@e3 P@d3 27. Nxd3 exd3 28. Qxd3 
Nxf2 29. Qxd4 N@h3+ 30. Kf1 Qxd4 31. R@c8+ N@d8 32. gxh3 Nxh3 33. B@g3 Q@g1+ 
34. Ke2 P@d3+ 35. Kd2 Qxe1+ 36. Kxe1 R@e2+ 37. Kf1 P@g2+ 38. Bxg2 Rf2+ 39. Bxf2 
Qd7 40. Rxd8+ Qxd8 
{venomous forfeits on time} 0-1

[Event "fics rated crazyhouse match"]
[Site "fics, Oklahoma City, OK USA"]
[Date "2000.12.27"]
[White "nasnad"]
[WhiteElo "2461"]
[Black "venomous"]
[BlackElo "2450"]
[TimeControl "60+0"]
[Result "1-0"]

1. e4 e6 2. Nc3 Nc6 3. d4 Nf6 4. e5 Nd5 5. Nxd5 exd5 6. Nf3 
d6 7. Bb5 Be7 8. N@h5 Rg8 9. Nxg7+ Rxg7 10. P@f6 Rxg2 11. fxe7 Qxe7 
12. Bxc6+ bxc6 13. B@f6 Qd7 14. N@g7+ Rxg7 15. Bxg7 N@g6 16. R@g8+ B@f8 17. Bxf8 
Nxf8 18. Bh6 B@b4+ 19. c3 dxe5 20. Nxe5 N@g2+ 21. Kd2 N@e4+ 22. Kc2 Ba6 
23. cxb4 P@d3+ 24. Nxd3 Bxd3+ 25. Qxd3 P@c4 26. Rxf8+ Ke7 27. B@g5+ P@f6 28. N@g8+ 
Ke6 29. Qh3+ N@f5 30. Qxg2 Nxd4+ 31. Kd1 P@e2+ 32. Ke1 Rxf8 33. Qxe4+ dxe4 
34. N@c5+ Kd5 35. N@e3+ Ke5 36. Bf4# 
{venomous checkmated} 1-0

[Event "fics rated crazyhouse match"]
[Site "fics, Oklahoma City, OK USA"]
[Date "2000.12.27"]
[White "venomous"]
[WhiteElo "2442"]
[Black "nasnad"]
[BlackElo "2471"]
[TimeControl "60+0"]
[Result "0-1"]

1. e4 Nf6 2. Nc3 e5 3. Nf3 Nc6 4. Bc4 Bc5 5. O-O O-O 6. d3 
d6 7. Be3 Bxe3 8. fxe3 B@h6 9. Qe2 Ng4 10. B@d2 Be6 11. Nd5 Bxd5 
12. exd5 Nxe3 13. Bxe3 Bxe3+ 14. Qxe3 P@f4 15. Qe2 B@e3+ 16. Kh1 N@d4 17. Nxd4 
Nxd4 18. Qg4 N@h6 19. Qh3 Qg5 20. B@h4 Qg4 21. N@f6+ gxf6 22. Qxg4+ Nxg4 
23. N@e7+ Kh8 24. Bxf6+ Nxf6 25. P@g7+ Kxg7 26. B@h6+ Kxh6 27. Q@h4+ N@h5 28. Rxf4 
Bxf4 29. Qxh5+ Nxh5 30. N@f5+ Nxf5 31. Nxf5+ Kg5 32. P@e4 N@f2# 
{venomous resigns} 0-1

[Event "fics rated crazyhouse match"]
[Site "fics, Oklahoma City, OK USA"]
[Date "2000.12.27"]
[White "nasnad"]
[WhiteElo "2480"]
[Black "venomous"]
[BlackElo "2435"]
[TimeControl "60+0"]
[Result "1-0"]

1. e4 e6 2. Nc3 b6 3. d4 Bb7 4. f3 Nf6 5. Bd3 Bb4 6. Ne2 
Nc6 7. O-O e5 8. d5 Nd4 9. Be3 Nxe2+ 10. Nxe2 Bc5 11. Bxc5 bxc5 
12. N@f5 Rg8 13. B@g5 N@d4 14. Nexd4 cxd4 15. Bxf6 Qxf6 16. N@g4 Qg5 17. N@h3 
Qd8 18. Nxe5 B@g6 19. Nxg6 hxg6 20. P@h7 Rh8 21. Nxg7+ Kf8 22. e5 B@e3+ 
23. P@f2 Rxh7 24. B@f6 P@e7 25. fxe3 exf6 26. exf6 Qxf6 27. B@g5 Qxg7 28. P@h6 
Qe5 29. exd4 Qxd4+ 30. Nf2 P@f6 31. P@g7+ Kg8 32. Bxg6 fxg6 33. Qxd4 N@e2+ 
34. Kh1 N@g3+ 35. hxg3 Nxg3+ 36. Kh2 Nxf1+ 37. Rxf1 P@g3+ 38. Kxg3 N@f5+ 39. Kf4 
B@g3+ 40. Ke4 Bxd5+ 41. Kd3 B@c4+ 42. Kd2 P@e3+ 43. Kc3 P@b4+ 44. Kxb4 Rb8+ 
45. Kc3 R@a3+ 46. b3 Rbxb3+ 47. cxb3 P@b4+ 48. Kc2 a6 49. Kc1 Rxa2 50. Q@e8# 
{venomous checkmated} 1-0

[Event "fics rated crazyhouse match"]
[Site "fics, Oklahoma City, OK USA"]
[Date "2000.12.27"]
[White "venomous"]
[WhiteElo "2428"]
[Black "nasnad"]
[BlackElo "2489"]
[TimeControl "60+0"]
[Result "1-0"]

1. e4 Nf6 2. Nc3 e5 3. Nf3 Nc6 4. Bc4 Bc5 5. O-O O-O 6. d3 
d6 7. Bg5 Bg4 8. h3 Bxf3 9. Qxf3 Nd4 10. Qd1 c6 11. B@h4 N@d7 
12. Bxf6 Nxf6 13. N@g4 B@e7 14. Nxf6+ Bxf6 15. Bxf6 Qxf6 16. N@g4 N@f3+ 17. gxf3 
Nxf3+ 18. Kh1 P@g2+ 19. Kxg2 Nh4+ 20. Kg1 Nf3+ 21. Kh1 Qf4 22. B@g3 Qxg4 
23. hxg4 Ng5 24. P@g2 B@h6 25. N@f5 Kh8 26. Nxh6 gxh6 27. B@f6+ N@g7 28. Bxg7+ 
Kxg7 29. N@f5+ Kf6 30. Q@e7+ Kg6 31. Bxe5 B@h8 32. P@h5# 
{nasnad checkmated} 1-0

[Event "fics rated crazyhouse match"]
[Site "fics, Oklahoma City, OK USA"]
[Date "2000.12.27"]
[White "nasnad"]
[WhiteElo "2478"]
[Black "venomous"]
[BlackElo "2437"]
[TimeControl "60+0"]
[Result "1-0"]

1. e4 e6 2. Nc3 Nc6 3. d4 Nf6 4. e5 Nd5 5. Nxd5 exd5 6. Nf3 
d6 7. Bb5 Bd7 8. Qe2 dxe5 9. Bxc6 Bxc6 10. Nxe5 P@e4 11. Nxc6 bxc6 
12. P@d7+ Qxd7 13. N@e5 Qd6 14. B@d7+ Ke7 15. N@f5+ Kf6 16. Nxd6 B@b4+ 17. c3 
Bbxd6 18. Q@g5# 
{venomous checkmated} 1-0

[Event "fics rated crazyhouse match"]
[Site "fics, Oklahoma City, OK USA"]
[Date "2000.12.27"]
[White "venomous"]
[WhiteElo "2430"]
[Black "nasnad"]
[BlackElo "2486"]
[TimeControl "60+0"]
[Result "1-0"]

1. e4 Nf6 2. Nc3 d5 3. exd5 Nxd5 4. Bc4 e6 5. Nh3 Nc6 6. O-O 
Ne5 7. Bxd5 exd5 8. Re1 P@e4 9. Nxe4 Bxh3 10. Ng3 B@d6 11. gxh3 N@f3+ 
12. Qxf3 Qf6 13. Qxf6 gxf6 14. B@g2 Bfe7 15. N@g7+ Kd7 16. N@f5 Rhg8 17. Q@b5+ 
Q@c6 18. Qxc6+ bxc6 19. P@e2 Rxg7 20. Nxg7 N@f4 21. Q@f1 Nxg2 22. Qxg2 B@e4 
23. P@f3 Bxc2 24. d4 Nc4 25. N7f5 P@d2 26. Bxd2 Nxd2 27. Nxe7 Bxe7 28. B@f5+ 
B@e6 29. Bxc2 Nc4 30. P@f5 N@e3 31. fxe3 Nxe3 32. fxe6+ fxe6 33. B@f7 Nxg2 
34. Bxe6+ Kxe6 35. Bf5+ Kf7 36. P@e6+ Kg7 37. N@h5+ Kf8 38. R@h8+ B@g8 39. B@g7+ 
Ke8 40. Rxg8+ Q@f8 41. B@f7+ Kd8 42. Rxf8+ Q@e8 43. Q@d7# 
{nasnad checkmated} 1-0

[Event "fics rated crazyhouse match"]
[Site "fics, Oklahoma City, OK USA"]
[Date "2000.12.27"]
[White "nasnad"]
[WhiteElo "2475"]
[Black "venomous"]
[BlackElo "2439"]
[TimeControl "60+0"]
[Result "1/2-1/2"]

1. e4 e6 2. Nc3 Bb4 3. Nf3 Nf6 4. e5 Ng4 5. Be2 d6 6. exd6 
cxd6 7. O-O Nc6 8. d4 Bd7 9. h3 Nf6 10. Bg5 P@e7 11. Bxf6 exf6 
12. d5 Bxc3 13. dxe6 Bxe6 14. bxc3 P@e4 15. Nh4 B@e5 16. P@f5 Bd7 17. B@d5 
Bxc3 18. Bxf7+ Kxf7 19. P@e6+ Kf8 20. exd7 Qxd7 21. N@e6+ Ke7 22. Nxg7 P@f3 
23. Nxf3 exf3 24. Bxf3 B@e5 25. P@e6 Qd8 26. B@g3 P@f4 27. Bh4 Qf8 28. Bxc6 
bxc6 29. N@d7 Qxg7 30. Nxe5 Bxe5 31. P@d4 f3 32. Qxf3 B@d5 33. dxe5 Bxf3 
34. exf6+ Kd8 35. f7+ Kc7 36. B@d8+ Kb7 37. Rab1+ N@b6 38. P@a6+ Kxa6 39. B@d3+ 
P@b5 40. P@g5 N@e2+ 41. Bxe2 Bxe2 42. N@b4+ Ka5 43. Nxc6+ Ka6 44. Nb4+ Ka5 
45. Nc6+ Ka6 46. Nb4+ Ka5 47. Nc6+ Ka4 
{Game drawn by repetition} 1/2-1/2

[Event "fics rated crazyhouse match"]
[Site "fics, Oklahoma City, OK USA"]
[Date "2000.12.27"]
[White "marcusm"]
[WhiteElo "2351"]
[Black "Leech"]
[BlackElo "2225"]
[TimeControl "180+0"]
[Result "0-1"]

1. e4 e6 2. d4 Nf6 3. e5 Nd5 4. Nf3 Nc6 5. Bd3 d6 6. Nc3 
Be7 7. O-O O-O 8. Be3 Nxc3 9. bxc3 N@f5 10. Bxf5 exf5 11. N@h5 dxe5 
12. Nxg7 B@f6 13. Nh5 exd4 14. Bxd4 Nxd4 15. Nxd4 P@g7 16. P@h6 gxh6 17. Nxf6+ 
Bxf6 18. N@h5 B@h8 19. P@e7 Qxe7 20. N@d5 Qd6 21. Nxf5 Bxf5 22. Ndxf6+ Qxf6 
23. Nxf6+ Bxf6 24. B@d4 P@e5 25. Be3 P@f4 26. Bc5 P@d6 27. Ba3 N@e4 28. B@e1 
N@g5 29. f3 N@e3 30. Qe2 Nxf1 31. fxe4 Bxe4 32. Kxf1 P@f3 33. gxf3 Bxf3 
34. Qxf3 R@g1+ 35. Kxg1 Nxf3+ 36. Kf1 Q@g1+ 37. Ke2 N@d4+ 38. cxd4 Nxd4+ 39. Kd2 
Qe3+ 40. Kd1 P@e2# 
{marcusm checkmated} 0-1

[Event "fics rated crazyhouse match"]
[Site "fics, Oklahoma City, OK USA"]
[Date "2000.12.27"]
[White "venomous"]
[WhiteElo "2440"]
[Black "GusMcClain"]
[BlackElo "2248"]
[TimeControl "60+0"]
[Result "1-0"]

1. e4 e6 2. d4 Nf6 3. Bd3 Nc6 4. Be3 Bb4+ 5. c3 Be7 6. Nd2 
d6 7. Ngf3 e5 8. d5 Nb8 9. O-O O-O 10. Be2 Bg4 11. Ng5 Bxe2 
12. Qxe2 B@h5 13. f3 h6 14. Nh3 Bg6 15. Rae1 Nbd7 16. b4 c5 17. dxc6 
bxc6 18. P@g5 hxg5 19. Bxg5 P@h6 20. Bxf6 Bxf6 21. P@e3 Bh4 22. B@f2 Bxf2+ 
23. Qxf2 B@d3 24. B@e2 Bxe2 25. Qxe2 B@h4 26. g3 Bg5 27. Nxg5 Qxg5 28. N@h3 
Qe7 29. B@g4 B@e6 30. B@b7 Bxg4 31. fxg4 B@b5 32. c4 N@c3 33. Qd3 Nxe4 
34. Nxe4 Bxe4 35. Qxe4 N@d2 36. B@h7+ Kh8 37. Qd3 Bxc4 38. Qxd2 Bxf1 39. Rxf1 
P@g2 40. Qxg2 P@g6 41. Bxa8 Rxa8 42. P@b7 Kxh7 43. bxa8=Q B@b6 44. R@h8# 
{GusMcClain checkmated} 1-0

[Event "fics rated crazyhouse match"]
[Site "fics, Oklahoma City, OK USA"]
[Date "2000.12.27"]
[White "GusMcClain"]
[WhiteElo "2244"]
[Black "venomous"]
[BlackElo "2444"]
[TimeControl "60+0"]
[Result "0-1"]

1. e4 e6 2. Nc3 b6 3. d4 Bb7 4. Nf3 Nf6 5. Bd3 Bb4 6. e5 
Ng4 7. O-O Bxc3 8. bxc3 N@f5 9. B@g5 f6 10. exf6 gxf6 11. Bxf5 exf5 
12. N@g7+ Kf7 13. Nxf5 fxg5 14. Nxg5+ Kg6 15. Qxg4 h5 16. N@e5+ Kf6 17. Ne4+ 
Bxe4 18. Bg5+ Ke6 19. Ng7+ Kd6 20. Nc4+ Kc6 21. Qxe4+ d5 22. Ne5+ Kb7 
23. Bxd8 dxe4 24. B@d5+ P@c6 25. Nxc6 N@h3+ 26. gxh3 Q@g6+ 27. P@g3 Nxc6 28. Bxc6+ 
Qxc6 29. Nf5 N@e2+ 30. Kh1 B@f3+ 31. P@g2 Bxg2+ 32. Kxg2 B@f3# 
{GusMcClain checkmated} 0-1

[Event "fics rated crazyhouse match"]
[Site "fics, Oklahoma City, OK USA"]
[Date "2000.12.27"]
[White "venomous"]
[WhiteElo "2448"]
[Black "GusMcClain"]
[BlackElo "2240"]
[TimeControl "60+0"]
[Result "0-1"]

1. e4 d5 2. exd5 Qxd5 3. Nc3 Qd8 4. Nf3 e6 5. Bc4 Nf6 6. d4 
Nc6 7. Bg5 Bb4 8. Bxf6 Qxf6 9. N@e4 Qg6 10. O-O Bxc3 11. Nxc3 B@h5 
12. P@g3 P@e4 13. Nh4 Bxd1 14. Nxg6 hxg6 15. Raxd1 N@f3+ 16. gxf3 exf3 17. N@e3 
N@h3+ 18. Kh1 Q@g1# 
{venomous resigns} 0-1

[Event "fics rated crazyhouse match"]
[Site "fics, Oklahoma City, OK USA"]
[Date "2000.12.27"]
[White "GusMcClain"]
[WhiteElo "2252"]
[Black "venomous"]
[BlackElo "2436"]
[TimeControl "60+0"]
[Result "0-1"]

1. e4 e6 2. d4 Nc6 3. Nc3 Nf6 4. Nf3 Bb4 5. Bd3 d5 6. e5 
Ne4 7. O-O Bxc3 8. bxc3 Nxc3 9. Qd2 P@e4 10. Ng5 exd3 11. cxd3 N@e2+ 
12. Kh1 B@h6 13. B@h4 Ncxd4 14. P@f3 P@e7 15. Nxf7 Kxf7 16. P@g5 Bxg5 17. Qxg5 
P@h6 18. B@h5+ N@g6 19. Bxg6+ hxg6 20. Qe3 B@f4 21. Qxf4+ Nxf4 22. Bxf4 Nxf3 
23. B@g4 Nxh4 24. f3 P@f5 25. Bh3 Ne2 26. Bg3 Nxg3+ 27. hxg3 Nxg2 28. Bxg2 
P@e2 29. Rf2 B@d1 30. N@f4 e1=Q+ 31. Rf1 Qxf1+ 32. Bxf1 Bxf3+ 33. P@g2 P@b2 
34. Re1 R@a1 35. gxf3 Rxe1 36. B@g2 b1=Q 37. N@g5+ hxg5+ 38. N@h6+ Rxh6+ 39. N@h3 
Rxf1+ 40. Bxf1 Qxf1# 
{GusMcClain forfeits on time} 0-1

[Event "fics rated crazyhouse match"]
[Site "fics, Oklahoma City, OK USA"]
[Date "2000.12.27"]
[White "venomous"]
[WhiteElo "2440"]
[Black "GusMcClain"]
[BlackElo "2248"]
[TimeControl "60+0"]
[Result "0-1"]

1. e4 Nf6 2. Nc3 d5 3. exd5 Nxd5 4. Bc4 e6 5. Nh3 Nc6 6. O-O 
Bc5 7. P@e3 Nxc3 8. dxc3 O-O 9. Qxd8 Rxd8 10. Bd3 P@f5 11. b4 Be7 
12. N@h5 Q@g4 13. Nxg7 Qxg7 14. Q@g3 Qxg3 15. hxg3 Ne5 16. P@h6 Bf6 17. Nf4 
N@g4 18. Q@h3 Q@h2+ 19. Qxh2 Nxh2 20. Nh5 Nhf3+ 21. gxf3 Nxf3+ 22. Kg2 N@h4+ 
23. gxh4 Nxh4+ 24. Kg1 Q@g2# 
{venomous checkmated} 0-1

[Event "fics rated crazyhouse match"]
[Site "fics, Oklahoma City, OK USA"]
[Date "2000.12.27"]
[White "GusMcClain"]
[WhiteElo "2260"]
[Black "venomous"]
[BlackElo "2428"]
[TimeControl "60+0"]
[Result "0-1"]

1. e4 e6 2. Nc3 Nc6 3. d4 Nf6 4. Nf3 Bb4 5. Bd3 d5 6. e5 
Ne4 7. O-O Bxc3 8. bxc3 Nxc3 9. Qd2 P@e4 10. Ng5 exd3 11. cxd3 B@h6 
12. B@h4 Nxd4 13. Nxf7 Qxh4 14. Nxh8 N@f3+ 15. gxf3 Nxf3+ 16. Kg2 B@h3+ 17. Kxf3 
Qg4# 
{GusMcClain checkmated} 0-1

[Event "fics rated crazyhouse match"]
[Site "fics, Oklahoma City, OK USA"]
[Date "2000.12.27"]
[White "venomous"]
[WhiteElo "2432"]
[Black "GusMcClain"]
[BlackElo "2256"]
[TimeControl "60+0"]
[Result "0-1"]

1. e4 e6 2. Nc3 Nf6 3. d4 d5 4. exd5 Nxd5 5. Nf3 Bb4 6. Bd2 
Bxc3 7. bxc3 Nc6 8. Bc4 N@f4 9. Rg1 Qe7 10. B@g5 f6 11. Bgxf4 Nxf4 
12. Bxf4 B@d5 13. Bxd5 exd5+ 14. P@e3 B@h5 15. B@e2 P@e4 16. Nd2 Bxe2 17. Qxe2 
B@a6 18. c4 dxc4 19. B@c5 P@d6 20. Nxc4 Bxc4 21. Qxc4 dxc5 22. P@f7+ Kd8 
23. N@g8 B@b4+ 24. Ke2 N@c3+ 25. Kf1 cxd4 26. Nxe7 P@e2+ 27. Qxe2 Nxe2 28. Nxc6+ 
bxc6 29. Bxc7+ Kxc7 30. N@e8+ Rxe8 31. fxe8=N+ Kd7 32. Q@c7+ Ke6 33. B@g4+ f5 
34. N@f8+ Kd5 35. R@e5+ Kc4 36. Qxc6+ B@c5 37. P@b3+ Kc3 38. P@d2+ Kxc2 
{venomous forfeits on time} 0-1

[Event "fics rated crazyhouse match"]
[Site "fics, Oklahoma City, OK USA"]
[Date "2000.12.27"]
[White "GusMcClain"]
[WhiteElo "2268"]
[Black "venomous"]
[BlackElo "2420"]
[TimeControl "60+0"]
[Result "0-1"]

1. d3 e6 2. e4 b6 3. Nc3 Bb7 4. Nf3 Nf6 5. Be2 Nc6 6. O-O 
Be7 7. Bg5 d5 8. exd5 Nxd5 9. Bxe7 Ncxe7 10. Ne4 P@f5 11. Neg5 B@h5 
12. B@e5 f6 13. Nxe6 fxe5 14. Nxg7+ Kd7 15. Nxe5+ Kc8 16. Nxh5 B@g4 17. B@e6+ 
Kb8 18. Nd7+ Qxd7 19. Bxd7 Bxh5 20. Bxh5 Nf4 21. B@f3 N@h3+ 22. gxh3 Nxh3+ 
23. Kh1 P@g2+ 24. Bxg2 Bxg2+ 25. Kxg2 N@f4+ 26. Kf3 B@b7+ 27. Ke3 Nxh5 28. Qxh5 
B@f4+ 29. Ke2 Bxh2 30. f3 Nf4+ 31. Ke1 Nxh5 32. Bxf5 Q@e5+ 33. N@e4 Qxf5 
34. N@d7+ Qxd7 35. B@e3 N@g2+ 36. Kd2 Nxe3 37. Q@e2 Bf4 38. P@f2 Nc4+ 39. Kc3 
B@a5+ 40. b4 Bxb4+ 41. Kb3 a5 42. a3 Ra7 43. Ka2 B@a4 44. Kb1 P@b3 
45. P@b2 Nd2+ 46. Qxd2 bxc2# 
{GusMcClain forfeits on time} 0-1

[Event "fics rated crazyhouse match"]
[Site "fics, Oklahoma City, OK USA"]
[Date "2000.12.27"]
[White "venomous"]
[WhiteElo "2425"]
[Black "GusMcClain"]
[BlackElo "2263"]
[TimeControl "60+0"]
[Result "1-0"]

1. e4 Nf6 2. Nc3 e6 3. d4 d5 4. exd5 Nxd5 5. Bc4 Bb4 6. Bd2 
Nc6 7. Nf3 Qe7 8. O-O Bxc3 9. bxc3 N@f4 10. B@g5 f6 11. Bgxf4 Nxf4 
12. Bxf4 B@d6 13. P@e5 fxe5 14. dxe5 Bc5 15. P@d4 Ba3 16. Bb5 Bd7 17. Bg5 
P@f6 18. Bh4 Rg8 19. N@h5 P@g4 20. Nd2 g5 21. Qxg4 Rg6 22. Nxf6+ Rxf6 
23. exf6 Qxf6 24. Bxg5 Qf7 25. N@f6+ Kf8 26. R@h8+ N@g8 27. Bh6+ Ke7 28. Nxg8+ 
Rxg8 29. Rxg8 N@f6 30. Qg7 Nxg8 31. Qxf7+ Kxf7 32. N@g5+ Ke8 33. P@f7+ Kd8 
34. fxg8=Q+ R@e8 35. N@f7+ Kc8 36. Bxc6 bxc6 37. Qxe8+ Kb7 38. Q@a8+ Ka6 39. R@a4+ 
Q@a5 40. Rxa5+ Kxa5 41. Qxa7+ R@a6 42. N@c4+ Kb5 43. Q@b3+ B@b4 44. R@a5+ Rxa5 
45. Qxa5# 
{GusMcClain checkmated} 1-0